 Dungeon Crawl Stone Soup version 0.28.0-43-g3370ac3207 (console) character file.

Game seed: 16479920971512120890

2244 Zeor the Thaumaturge (level 9, -3/63 HPs)
             Began as a Djinni Cinder Acolyte on Mar 29, 2022.
             Was a High Priest of Ignis.
             Slain by a two-headed ogre
             ... wielding a +0 giant club
              (12 damage)
             ... on level 8 of the Dungeon.
             The game lasted 00:23:17 (10553 turns).

Zeor the Thaumaturge (Djinni Cinder Acolyte)       Turns: 10553, Time: 00:23:17

Health: -3/63      AC:  4    Str: 15    XL:     9   Next: 63%
Gold:   243        EV: 12    Int: 18    God:    Ignis [*****.] SH:  0 Dex:  9

rFire   + + +      SeeInvis .   a - +1 falchion (flame)
rCold   x . .      Faith    .   (no shield)
rNeg    . . .      Spirit   .   b - +1 robe
rPois   ∞          Reflect  .   j - +0 helmet
rElec   .          Harm     .   (no cloak)
rCorr   .          Rampage  .   (no gloves)
Will    .....                   (boots unavailable)
Stlth   ++........              (no amulet)
HPRegen 0.20/turn               w - ring of wizardry
MPRegen 0.00/turn               (no ring)

@: flying
A: sickness immunity, fire resistance 2, cold vulnerability 1, float, innate
caster, HP casting, extra vitality 1
a: Renounce Religion, Fiery Armour, Foxfire Swarm, Rising Flame


You were on level 8 of the Dungeon.
You worshipped Ignis.
Ignis was extremely pleased with you.
You visited 1 branch of the dungeon, and saw 8 of its levels.
You also visited: Sewer.

You collected 415 gold pieces.
You spent 172 gold pieces at shops.

Inventory:

Hand Weapons
 a - a +1 falchion of flaming (weapon)
 x - the +5 whip "Qitsi" {freeze, +Blink Stlth+}
   (You found it on level 8 of the Dungeon)

   It freezes those it strikes, dealing additional cold damage.
   It can also slow down cold-blooded creatures.
   +Blink:    It lets you blink.
   Stlth:     It makes you more stealthy.
Missiles
 f - 97 arrows
 q - 70 bolts
 s - 4 boomerangs
Armour
 b - a +1 robe (worn)
 j - a +0 helmet (worn)
Jewellery
 w - a ring of wizardry (left hand)
Wands
 v - a wand of digging (11)
 y - a wand of mindburst (10)
Scrolls
 c - 4 scrolls of teleportation
 d - 2 scrolls of immolation
 i - a scroll of enchant armour
 n - a scroll of magic mapping
 o - a scroll of fog
 p - a scroll of enchant weapon
 r - a scroll of blinking
Potions
 e - 3 potions of curing
 g - a potion of might
 h - 4 potions of resistance
 k - 2 potions of brilliance
 l - 2 potions of heal wounds
 m - a potion of experience {unknown}
 t - a potion of degeneration {unknown}
 u - a potion of attraction {unknown}


   Skills:
 + Level 4.7 Fighting
 * Level 4.8 Long Blades
 - Level 0.1 Maces & Flails
 * Level 3.0 Dodging
 + Level 1.8 Stealth
 + Level 8.1 Spellcasting


You had 13 spell levels left.
You knew the following spells:

 Your Spells              Type           Power      Damage    Failure   Level
a - Scorch                Fire           72%        2d9       1%          2
b - Shock                 Conj/Air       100%       1d9       1%          1
c - Poisonous Vapours     Pois/Air       72%        N/A       1%          2
d - Passwall              Tmut/Erth      30%        N/A       1%          2
e - Petrify               Tmut/Erth      36%        N/A       1%          4
Your spell library was empty.

Dungeon Overview and Level Annotations

Branches:
Dungeon (8/15)             Temple (0/1) D:6           Sewer (visited)
   Lair: D:8-11

Altars:
Elyvilon
Nemelex Xobeh
Uskayaw
Yredelemnul
The Shining One

Shops:
D:5 ?


Innate Abilities, Weirdness & Mutations

You are immune to sickness and miasma.
You are immune to poison.
Your flesh is very heat resistant. (rF++)
You are vulnerable to cold. (rC-)
You float through the air rather than walking.
You learn spells naturally, not from books.
Your magical power is your life essence.
You have superior vitality. (+4 MHP)


Message History

Casting: Scorch (safe; 1% risk of failure)
Press: ? - help, Q - select action, (/) - cycle Dir - look around, f - activate Flames lash the two-headed ogre.
The two-headed ogre is lightly wounded.
The two-headed ogre's fire resistance burns away.
Casting: Scorch (safe; 1% risk of failure)
Press: ? - help, Q - select action, (/) - cycle Dir - look around, f - activate Flames lash the two-headed ogre.
The two-headed ogre is burned terribly!
The two-headed ogre is moderately wounded.
The two-headed ogre hits you with a +0 giant club!!
The two-headed ogre hits you with a +0 giant club!
You are too injured to fight recklessly!
You are too injured to fight recklessly!
You hit the two-headed ogre. You burn the two-headed ogre.
The two-headed ogre is moderately wounded.
The two-headed ogre stops moving altogether!
The helpless two-headed ogre fails to defend itself.
You hit the two-headed ogre.
The two-headed ogre is moderately wounded.
The helpless two-headed ogre fails to defend itself.
You slash the two-headed ogre! You burn the two-headed ogre.
The two-headed ogre is heavily wounded.
The helpless two-headed ogre fails to defend itself.
You slash the two-headed ogre! You burn the two-headed ogre.
The two-headed ogre is heavily wounded.
The helpless two-headed ogre fails to defend itself.
You hit the two-headed ogre. You burn the two-headed ogre.
The two-headed ogre is heavily wounded.
The two-headed ogre is no longer petrified.
The two-headed ogre hits you with a +0 giant club!
* * * LOW HITPOINT WARNING * * *
The two-headed ogre closely misses you.
Casting: Scorch (safe; 1% risk of failure)
Press: ? - help, Q - select action, (/) - cycle Dir - look around, f - activate Flames lash the two-headed ogre.
The two-headed ogre is burned terribly!
The two-headed ogre is almost dead.
* * * LOW HITPOINT WARNING * * *
The two-headed ogre closely misses you.
The two-headed ogre hits you with a +0 giant club!
You die...

▒▒▒▒)))∙∙∙∙∙∙∙∙∙∙∙∙∙
▒▒∙∙▒▒▒▒∙∙∙∙∙∙∙∙∙∙∙
▒▒∙∙∙∙∙∙∙∙∙∙∙∙∙∙∙∙<∙
▒∙∙∙∙∙∙∙∙∙∙∙∙∙∙∙∙▒▒∙
▒∙[∙∙∙∙∙∙∙∙∙∙∙▒∙∙▒▒^
▒▒∙∙∙∙∙∙▒▒▒▒▒▒▒▒▒∙∙∙
▒▒▒▒∙∙∙∙▒ ▒▒▒∙
▒∙∙▒∙∙∙∙▒ ▒∙∙
▒∙∙R∙∙∙▒▒∙≈§≈≈§∙▒▒▒∙
▒∙O▒∙∙∙▒▒∙≈≈≈≈§∙▒ ▒∙
▒∙∙∙∙▒∙∙∙∙▒∙≈≈≈≈≈∙▒▒▒▒
▒∙∙∙▒∙∙∙∙∙∙▒∙∙≈≈≈∙∙▒∙∙∙
▒▒∙▒▒▒∙∙∙>∙▒▒∙∙∙∙∙▒▒∙∙∙
▒∙∙ ▒∙∙∙∙∙∙∙▒▒∙∙▒▒∙∙∙∙
▒∙∙ ▒▒∙∙∙∙∙∙∙∙∙∙∙∙∙∙∙∙∙
∙∙∙
∙▒∙∙∙∙∙∙∙∙∙>∙∙∙∙∙▒∙∙
∙∙∙
∙∙∙∙▒∙∙∙∙∙∙∙▒▒∙∙∙▒∙∙


You could see a two-headed ogre (combustible).

Vanquished Creatures
  Eustachio (D:6)
  An ice beast (D:5)
  An orc warrior (D:3)
  A black bear (D:7)
  An ogre (D:5)
  A centaur (D:8)
  2 phantoms
  3 kobold brigands
  A wyvern zombie (D:8)
  A bullfrog (D:8)
  A gnoll sergeant (D:6)
  3 scorpions
  A water moccasin zombie (D:6)
  2 bullfrog zombies
  2 howler monkeys (D:5)
  3 hounds
  A jelly (D:5)
  An orc priest (D:4)
  2 centaur skeletons
  3 iguanas
  2 orc wizards
  A killer bee zombie (D:8)
  2 hound skeletons
  3 howler monkey zombies
  5 river rats
  9 adders
  6 gnolls
  A shadow imp (D:7)
  3 ufetubi
  6 worms
  A dart slug (D:1)
  19 orcs
  6 endoplasms
  2 giant cockroaches
  3 goblins
  6 hobgoblins
  3 jackals (D:2)
  19 kobolds
  6 quokkas
  5 ball pythons
  4 bats
  5 frilled lizards
  8 rats
157 creatures vanquished.

Vanquished Creatures (others)
  23 foxfires (D:3)
23 creatures vanquished.

Grand Total: 180 creatures vanquished

Notes
Turn   | Place    | Note
-------+----------+-------------------------------------------
     0 | D:1      | Zeor the Djinni Cinder Acolyte began the quest for the Orb.
     0 | D:1      | Reached XP level 1. HP: 20/20 MP: 0/0
   259 | D:1      | Reached XP level 2. HP: 8/25 MP: 0/0
   573 | D:1      | You are sucked into a shaft and drop 1 floor!
  1226 | D:1      | Reached XP level 3. HP: 27/30 MP: 0/0
  1226 | D:1      | Learned a level 1 spell: Shock
  1854 | D:2      | Reached skill level 3 in Spellcasting
  2022 | D:2      | Reached XP level 4. HP: 19/35 MP: 0/0
  2281 | D:2      | Found a glowing golden altar of the Shining One.
  3258 | D:3      | Reached XP level 5. HP: 14/40 MP: 0/0
  3258 | D:3      | Learned a level 2 spell: Poisonous Vapours
  3420 | D:3      | Noticed an orc warrior
  3434 | D:3      | Killed an orc warrior
  3435 | D:3      | Reached skill level 4 in Spellcasting
  3435 | D:3      | Reached XP level 6. HP: 12/46 MP: 0/0
  3738 | D:3      | Found a glowing drain.
  3742 | Sewer    | Entered a sewer
  4177 | Sewer    | Reached skill level 5 in Spellcasting
  4249 | Sewer    | Reached XP level 7. HP: 45/50 MP: 0/0
  4249 | Sewer    | Learned a level 2 spell: Passwall
  4707 | D:3      | Found a hide-covered altar of Uskayaw.
  4707 | D:3      | Found a sparkling altar of Nemelex Xobeh.
  4707 | D:3      | Found a white marble altar of Elyvilon.
  4707 | D:3      | Found a glowing golden altar of the Shining One.
  5687 | D:4      | Reached skill level 6 in Spellcasting
  6042 | D:5      | Entered Level 5 of the Dungeon
  6090 | D:5      | Found Leomeiq's Magic Scroll Shoppe.
  6093 | D:5      | Bought a scroll of identify for 30 gold pieces
  6093 | D:5      | Bought a scroll of fog for 30 gold pieces
  6093 | D:5      | Bought a scroll of blinking for 112 gold pieces
  6154 | D:5      | Found a basalt altar of Yredelemnul.
  6190 | D:5      | Reached skill level 1 in Dodging
  6392 | D:5      | Reached XP level 8. HP: 54/58 MP: 0/0
  6567 | D:5      | Reached skill level 1 in Stealth
  7231 | D:6      | Reached skill level 7 in Spellcasting
  8331 | D:6      | Found a staircase to the Ecumenical Temple.
  8437 | D:6      | Noticed Eustachio
  8447 | D:6      | Reached XP level 9. HP: 36/62 MP: 0/0
  8447 | D:6      | Learned a level 4 spell: Petrify
  8456 | D:6      | Killed Eustachio
  9911 | D:8      | Identified the +5 whip "Qitsi" {freeze, +Blink Stlth+}
  9930 | D:8      | Reached skill level 8 in Spellcasting
 10541 | D:8      | Noticed a two-headed ogre
 10553 | D:8      | Slain by a two-headed ogre

Illustrated notes

Levels and vault maps discovered:
D:1:      saegor_arrival_under_anarchy, layout_basic
D:2:      layout_basic, basic_altar
D:3:      minmay_spotlight, layout_basic,
          chequers_temple_overflow_statue_of_worship, lightli_sewer_entry_pipes
D:4:      layout_basic, minmay_misc_feat_columns, grunt_ministairs_3
D:5:      layout_basic, mainiacjoe_overflow_alcove_1, serial_shops,
          kennysheep_mini
D:6:      layout_basic, minmay_temple_entry_arrows, kennysheep_dice,
          uniq_eustachio
D:7:      layout_loops_ring
D:8:      layout_cave_pools, nicolae_wu_jian_wuxing_cycle, serial_shops,
          nicolae_lakefront_shop, minmay_quadrilaterals

Skill      XL: |  1  2  3  4  5  6  7  8  9 |
---------------+----------------------------+-----
Spellcasting   | 3 4 5 6 7 8 |  8.1
Long Blades    | 3 4 |  4.8
Dodging        | 1 3 |  3.0
Stealth        | 1 |  1.8
Fighting       | 4 |  4.7
Maces & Flails | |  0.1

Action                   |  1- 3 |  4- 6 |  7- 9 || total
-------------------------+-------+-------+-------++-------
Melee: Falchion          |    21 |    20 |   138 ||   179
       Punch             |       |       |     2 ||     2
       Whip              |       |       |     5 ||     5
 Cast: Scorch            |    19 |    53 |   110 ||   182
       Shock             |     3 |    13 |    25 ||    41
       Poisonous Vapours |       |       |     2 ||     2
       Petrify           |       |       |     1 ||     1
Invok: Foxfire Swarm     |       |     1 |       ||     1
       Fiery Armour      |       |       |     1 ||     1
  Use: Scroll            |     5 |     4 |     9 ||    18
 Stab: Petrified         |       |       |     4 ||     4
       Sleeping          |       |       |     1 ||     1
Armor: Robe              |     4 |    10 |    30 ||    44
Dodge: Dodged            |     7 |    28 |    88 ||   123
